AoeStats
← [GG] Shevchenko 7

Arena

508998139Analyzed
1v1 RM · 8d ago on Sep 25, 2026· 57m 19s· 2 players
Game mode
Random Map
Map size
Tiny (2 player)
Population
200
Speed
Normal
Resources
Standard
Victory
Conquest
Starting age
Dark Age
Ending age
Imperial Age
RankedLock teamsTeams togetherTeam positionsShared explorationLock speedFull tech treeHidden civsTurbo modeCheats
Victory
Defeat
🇧🇷 Portuguese · Brazil
1090
+13
🇨🇷 Byzantines · Costa Rica
1029
-13
[GG] Shevchenko 7
9:50 Feudal Age
9:44 Loom
11:54 Town Watch
14:13 Castle Age
13:31 Double-Bit Axe
29:45 Imperial Age
28:33 Fletching
28:52 Scale Mail Armor
28:22 Light Cavalry
29:19 Forging
29:14 Pikeman
30:29 Bloodlines
32:32 Wheelbarrow
33:26 Chemistry
32:42 Scale Barding Armor
33:42 Husbandry
38:33 Murder Holes
40:31 Elite Organ Gun
44:01 Halberdier
46:03 Chain Barding Armor
46:19 Iron Casting
45:46 Padded Archer Armor
49:14 Cavalier
51:41 Hand Cart
Tsuru 506
11:20 Feudal Age
16:13 Castle Age
14:05 Double-Bit Axe
14:24 Horse Collar
16:06 Stone Mining
17:12 Bow Saw
17:04 Heavy Plow
16:57 Gold Mining
22:13 Fletching
24:42 Wheelbarrow
25:12 Gold Shaft Mining
25:10 Loom
26:37 Hand Cart
30:46 Imperial Age
28:35 Bodkin Arrow
29:04 Scale Mail Armor
28:53 Treadmill Crane
29:22 Pikeman
30:21 Squires
30:07 Arson
31:30 Chain Mail Armor
31:27 Forging
32:45 Chemistry
32:09 Conscription
31:15 Halberdier
33:06 Plate Mail Armor
34:19 Iron Casting
41:20 Bracer
54:26 Heavy Camel Rider
Connection lost

Rejoining the realm…

Still unreachable

The connection could not be restored.

Session expired

The server has moved on; the page needs a fresh start.